 Dungeon Crawl Stone Soup version 0.28.0 (webtiles) character file.

Game seed: 4575698058647409170

62 Hasart the Skirmisher (level 3, 0/31 HPs)
             Began as a Demigod Fighter on Feb 10, 2022.
             Slain by an adder (2 damage)
             ... on level 2 of the Dungeon on Feb 11, 2022.
             The game lasted 00:03:25 (1273 turns).

Hasart the Skirmisher (Demigod Fighter)             Turns: 1273, Time: 00:03:25

Health: 0/31       AC:  7    Str: 17    XL:     3   Next: 60%
Magic:  5/5        EV:  9    Int: 10    God:
Gold:   41         SH:  5    Dex: 17    Spells: 2/2 levels left

rFire   . . .      SeeInvis .   a - +0 long sword
rCold   . . .      Faith    .   c - +0 buckler
rNeg    . . .      Spirit   .   b - +0 scale mail
rPois   .          Reflect  .   (no helmet)
rElec   .          Harm     .   f - +0 cloak
rCorr   .          Rampage  .   (no gloves)
Will    .....                   (no boots)
Stlth   ..........              (no amulet)
HPRegen 0.10/turn               (no ring)
MPRegen 0.09/turn               (no ring)

@: lethally poisoned (0 -> -4)
A: high MP 1, forlorn, divine attributes
a: no special abilities


You were on level 2 of the Dungeon.
You visited 1 branch of the dungeon, and saw 2 of its levels.

You collected 41 gold pieces.

Inventory:

Hand Weapons
 a - a +0 long sword (weapon)
Missiles
 k - 3 boomerangs (quivered)
Armour
 b - a +0 scale mail (worn)
 c - a +0 buckler (worn)
 f - a +0 cloak (worn)
Scrolls
 e - a scroll of blinking {unknown}
 g - a scroll of summoning {unknown}
 h - 3 scrolls of immolation {unknown}
 j - a scroll of identify {unknown}
Potions
 d - a potion of might
 i - a potion of resistance {unknown}


   Skills:
 + Level 3.0 Fighting
 * Level 2.7 Long Blades
 + Level 0.0 Throwing
 + Level 3.0 Armour
 + Level 1.0 Dodging
 + Level 3.0 Shields


You had 2 spell levels left.
You didn't know any spells.
Your spell library was empty.

Dungeon Overview and Level Annotations

Branches:
Dungeon (2/15)


Innate Abilities, Weirdness & Mutations

You have an increased reservoir of magic. (+10% MP)
You shall have no god before yourself.
Your divine heritage dramatically boosts your attributes as you level up.


Message History

The adder barely misses you. The adder bites you but does no damage.
You closely miss the adder.
The adder is lightly wounded.
The adder bites you but does no damage.
You closely miss the adder.
The adder is lightly wounded.
The adder bites you. x2
You are too injured to fight recklessly!
You are too injured to fight recklessly!
You are too injured to fight recklessly!
You are too injured to fight recklessly!
You are too injured to fight recklessly!
You are too injured to fight recklessly!
You are too injured to fight recklessly!
You are too injured to fight recklessly!
You are too injured to fight recklessly!
You are too injured to fight recklessly!
You hit the adder but do no damage.
The adder is lightly wounded.
The adder bites you.
You are poisoned.
The adder poisons you! The adder bites you.
* * * LOW HITPOINT WARNING * * *
You are lethally poisoned!
The adder poisons you!
You miss the adder.
The adder is lightly wounded.
* * * LOW HITPOINT WARNING * * *
You feel very sick. The adder completely misses you.
You miss the adder.
The adder is lightly wounded.
* * * LOW HITPOINT WARNING * * *
You feel sick. The adder completely misses you.
The adder bites you but does no damage.
You hit the adder.
The adder is heavily wounded.
* * * LOW HITPOINT WARNING * * *
You feel sick. The adder bites you.
You die...

#....#
######.##.##
#..........#
#..........####
#..............
#...........##
#............#
#........@.#
######)##.S.#
#..####....#
#.## ....#
#####.## ##..#
#....†.# ..
#......##.. .
#.........#
#......####


You could see an adder.

Vanquished Creatures
  A gnoll (D:1)
  A worm (D:2)
  A dart slug (D:1)
  5 bats
  6 endoplasms
  3 giant cockroaches
  5 goblins
  4 hobgoblins
  4 jackals (D:1)
  3 quokkas
  3 ball pythons (D:1)
  2 frilled lizards (D:1)
  2 kobolds (D:1)
  A rat (D:1)
41 creatures vanquished.

Notes
Turn   | Place    | Note
-------+----------+-------------------------------------------
     0 | D:1      | Hasart the Demigod Fighter began the quest for the Orb.
     0 | D:1      | Reached XP level 1. HP: 18/18 MP: 3/3
    38 | D:1      | Reached XP level 2. HP: 15/25 MP: 4/4
   576 | D:1      | Reached XP level 3. HP: 27/30 MP: 5/5
  1218 | D:2      | Reached skill level 1 in Dodging
  1273 | D:2      | Slain by an adder

Illustrated notes

Levels and vault maps discovered:
D:1:      psy_arrival_terrarium, layout_loops_ring,
          chequers_ecumenical_altar_simple
D:2:      layout_rooms, minmay_surrounded

Skill      XL: |  1  2  3 |
---------------+----------+-----
Long Blades    | 2 |  2.7
Fighting       | 3 |  3.0
Shields        | 3 |  3.0
Armour         | 3 |  3.0
Dodging        | 1 |  1.0

Action                   || total
-------------------------++-------
Melee: Long sword        ||   137
Armor: Scale mail        ||    79
Dodge: Dodged            ||    63
Block: Buckler           ||    37
